 Dungeon Crawl Stone Soup version 0.20.0-10-g0535bb4 (console) character file.

21 norke the Sneak (level 3, 0/21 HPs)
             Began as a Halfling Enchanter on June 6, 2017.
             Slain by a goblin
             ... wielding a +0 club
              (3 damage)
             ... on level 2 of the Dungeon.
             The game lasted 00:03:52 (762 turns).

norke the Sneak (Halfling Enchanter)                 Turns: 762, Time: 00:03:53

Health: 0/21       AC:  3    Str:  9    XL:     3   Next: 2%
Magic:  3/5        EV: 15    Int: 14    God:
Gold:   47         SH:  0    Dex: 14    Spells: 2/5 levels left

rFire    . . .     SeeInvis .   o - +0 spear
rCold    . . .     Gourm    .   (shield restricted)
rNeg     . . .     Faith    .   b - +0 robe
rPois    .         Spirit   .   (no helmet)
rElec    .         Reflect  .   (no cloak)
rCorr    .         Harm     .   g - +0 pair of gloves (curse)
MR       .....                  (no boots)
Stlth    ++........             (no amulet)
Regen    0.1/turn               (no ring)
MPRegen  0.1/turn               (no ring)

@: no status effects
A: mutation resistance 1
a: no special abilities


You were on level 2 of the Dungeon.
You were not hungry.

You visited 1 branch of the dungeon, and saw 2 of its levels.

You collected 47 gold pieces.

Inventory:

Hand Weapons
 a - a +1 dagger
 o - a +0 spear (weapon)
Missiles
 j - 6 poisoned needles
 m - 16 sling bullets
Armour
 b - a +0 robe (worn)
 g - a cursed +0 pair of gloves (worn)
 n - a +0 pair of gloves
Scrolls
 e - a scroll of teleportation {unknown}
 h - 2 scrolls of remove curse {unknown}
 i - a scroll of enchant armour {unknown}
 k - a scroll of immolation {unknown}
 l - 2 scrolls of enchant weapon {unknown}
Potions
 f - a potion of heal wounds {unknown}
Books
 c - a book of Maledictions

   Spells                             Type                      Level
   a - Corona                         Hexes                        1
   b - Ensorcelled Hibernation        Hexes/Ice                    2
   c - Confuse                        Hexes                        3
   d - Tukima's Dance                 Hexes                        3
   e - Dazzling Spray                 Conjuration/Hexes            3
Comestibles
 d - a bread ration


   Skills:
 + Level 1.6 Short Blades
 + Level 2.5 Dodging
 + Level 3.5 Stealth
 + Level 1.7 Spellcasting
 * Level 2.7 Hexes


You had 2 spell levels left.
You knew the following spells:

 Your Spells              Type           Power        Failure   Level  Hunger
a - Corona                Hex            #......      8%          1    ##.....
b - Ensorcelled Hibernat  Hex/Ice        #.....       22%         2    ###....


Dungeon Overview and Level Annotations

Branches:
Dungeon (2/15)

Altars:


Innate Abilities, Weirdness & Mutations

You are small and have problems with some larger weapons.
You are somewhat resistant to further mutation.


Message History

Attack whom?
Press: ? - help, Dir - move target cursor, f - goblin
Aim: a goblin, wielding a hunting sling You reach to attack!
You closely miss the goblin.
The goblin shoots a stone.
The stone hits you.
* * * LOW HITPOINT WARNING * * *
The goblin unwields an uncursed hunting sling.
The goblin wields an uncursed club.
The goblin hits you but does no damage.
Casting: Ensorcelled Hibernation
Confirm with . or Enter, or press ? or * to list all spells.
Aiming: Ensorcelled Hibernation
Press: ? - help, Shift-Dir - straight line, f/p - goblin
Aim: a goblin, wielding a club (chance to defeat MR: 54%)
The goblin resists with significant effort.
The goblin barely misses you.
You barely miss the goblin. The goblin closely misses you.
You closely miss the goblin. The goblin hits you but does no damage.
You barely miss the goblin.
The goblin hits you with an uncursed club.
You die...

###### #....#
#########... #.#
#.........#
#.###.[.......#####
#.##..........wg..#
## .S
#.##..........##@##
#....
#.##..........##(#
#...#
#.##.....w....##.#
#.#.#
#.##....g.....##.#
#.#.#
..............##.#
#.#.#
..(...........##.#
#..%#######
..............##.#
#.........
..............##.#
#...#####
.....###########.#
##.<#


You could see a worm and a goblin.

Vanquished Creatures
  A dart slug (D:1)
  3 bats
  A giant cockroach (D:1)
  2 goblins (D:1)
  5 hobgoblins (D:1)
  A kobold (D:1)
  A frilled lizard (D:1)
  2 rats (D:1)
16 creatures vanquished.

Notes
Turn   | Place    | Note
-------+----------+-------------------------------------------
     0 | D:1      | norke the Halfling Enchanter began the quest for the Orb.
     0 | D:1      | Reached XP level 1. HP: 11/11 MP: 3/3
   114 | D:1      | Reached XP level 2. HP: 12/17 MP: 4/4
   380 | D:1      | Learned a level 2 spell: Ensorcelled Hibernation
   512 | D:1      | Reached XP level 3. HP: 4/21 MP: 2/5
   762 | D:2      | Slain by a goblin

Action                   || total
-------------------------++-------
Melee: Dagger            ||    71
       Spear             ||     6
 Cast: Corona            ||    18
       Ensorcelled Hiber ||     2
 Stab: Sleeping          ||     3
Armor: Robe              ||    12
Dodge: Dodged            ||    47
